Map: Habitation Station LE

Players

PKing

  • Race: Zerg Zerg
  • League: Diamond
  • Spawn Location: 11:00

Firestorm - Winner!

  • Race: Protoss Protoss
  • League: Diamond
  • Spawn Location: 1:00

VOD

Have the link to the VOD?

Description

Time

  • Played on: Nov. 20, 2016, 6:25 p.m.
  • Length: 11:54
Show
View Real Time Build Order
Export as new Build Order

PKing Zerg 

Build Orders: Pool First 

Get SALT Encoding   

  12  0:00  Drone  
  13  0:14  Overlord  
  13  0:18  Drone  
  14  0:32  Drone x2  
  16  0:35  Drone  
  17  0:57  Drone  
  18  1:05  Spawning Pool  
  18  1:07  Extractor  
  16  1:19  Drone x2  
  18  1:39  Drone  
  19  1:41  Drone  
  19  1:42  Overlord  
  20  1:54  Queen  
  20  2:00  Zergling x2  
  23  2:11  Drone  
  24  2:24  Metabolic Boost, Drone  
  25  2:34  Queen  
  27  2:49  Drone x3  
  30  2:51  Hatchery  
  29  3:00  Overlord  
  29  3:22  Zergling x4  
  29  3:23  Zergling x2  
  31  3:56  Overlord  
  31  3:58  Overlord  
  31  4:12  Drone x4  
  31  4:13  Drone  
  36  4:26  Evolution Chamber  
  36  4:27  Roach Warren  
  33  4:32  Drone x3  
  33  4:35  Extractor  
  33  4:37  Drone x4  
  39  4:53  Zerg Melee Weapons Level 1  
  39  5:03  Queen x2  
  39  5:04  Overlord x2  
  43  5:07  Roach x4  
  43  5:08  Roach x2  
  43  5:09  Roach x2  
  59  5:30  Ravager x3  
  59  5:32  Zergling x8  
  59  5:33  Zergling x12  
  72  5:48  Hatchery  
  71  5:56  Ravager  
  71  5:57  Ravager  
  73  5:59  Overlord x4  
  73  6:12  Zergling x4  
  73  6:13  Zergling x2  
  76  6:23  Zergling x4  
  76  6:24  Zergling x4  
  80  6:27  Ravager x2  
  49  7:01  Roach x4  
  49  7:02  Roach x5  
  49  7:03  Zergling x2  
  57  7:24  Zergling x12  
  57  7:26  Roach x2  
  54  7:39  Roach x2  
  47  7:46  Spine Crawler  
  47  7:47  Spine Crawler  
  47  7:50  Roach x6  
  46  8:01  Queen  
  46  8:04  Roach  
  46  8:09  Ravager  
  41  8:28  Roach x2  
  45  8:55  Hatchery  
  45  8:57  Roach x3  
  45  9:00  Ravager  
  41  9:21  Roach  
  34  9:26  Roach x4  
  34  9:37  Ravager  
  26  9:49  Zergling x4  
  26  9:51  Queen  
  30  9:55  Ravager  
  31  10:17  Roach x2  
  33  10:33  Hatchery  
  19  10:55  Roach x2  
  19  10:56  Roach  
Show
View Real Time Build Order
Export as new Build Order

Firestorm Protoss - Winner!

Build Orders:  

Get SALT Encoding   

  12  0:01  Probe (Chrono Boost)  
  13  0:11  Probe (Chrono Boost)  
  14  0:17  Pylon  
  14  0:22  Probe (Chrono Boost)  
  16  0:35  Probe (Chrono Boost)  
  16  0:38  Gateway  
  16  0:46  Probe (Chrono Boost)  
  16  0:47  Assimilator  
  17  0:56  Probe (Chrono Boost)  
  18  0:59  Pylon  
  18  1:07  Probe (Chrono Boost)  
  19  1:13  Pylon  
  19  1:18  Probe (Chrono Boost)  
  20  1:28  Cybernetics Core  
  20  1:29  Pylon  
  20  1:33  Zealot  
  22  1:42  Assimilator  
  22  1:44  Probe (Chrono Boost)  
  23  1:55  Probe (Chrono Boost)  
  24  2:06  Probe (Chrono Boost)  
  25  2:16  Warp Gate  
  25  2:18  Robotics Facility  
  25  2:36  Nexus  
  25  2:45  Mothership Core (Chrono Boost)  
  27  2:54  Adept  
  27  2:55  Pylon  
  29  3:03  Probe (Chrono Boost)  
  30  3:13  Immortal  
  30  3:17  Probe (Chrono Boost)  
  35  3:27  Probe (Chrono Boost)  
  36  3:34  Twilight Council  
  36  3:38  Probe (Chrono Boost)  
  35  3:48  Probe (Chrono Boost)  
  35  3:50  Probe (Chrono Boost)  
  37  3:59  Probe (Chrono Boost)  
  37  4:01  Probe (Chrono Boost)  
  39  4:06  Charge  
  40  4:10  Probe (Chrono Boost)  
  40  4:11  Probe (Chrono Boost)  
  41  4:18  Zealot  
  41  4:20  Probe (Chrono Boost)  
  41  4:22  Probe (Chrono Boost)  
  45  4:25  Pylon  
  45  4:31  Probe (Chrono Boost)  
  46  4:36  Gateway  
  46  4:41  Gateway  
  46  4:43  Probe (Chrono Boost)  
  46  4:44  Probe (Chrono Boost)  
  48  4:49  Immortal, Pylon  
  48  4:55  Probe (Chrono Boost)  
  48  4:56  Probe (Chrono Boost)  
  54  5:21  Gateway  
  54  5:22  Gateway  
  54  5:24  Gateway  
  54  5:25  Gateway  
  54  5:27  Warp Prism  
  54  5:28  Gateway  
  56  5:36  Pylon  
  56  5:37  Pylon  
  56  5:39  Pylon  
  56  5:50  Zealot x2  
  60  6:00  Pylon  
  60  6:04  Observer, Pylon  
  61  6:15  Nexus  
  61  6:16  Pylon  
  61  6:27  Zealot x4  
  61  6:28  Zealot x3  
  61  6:30  Zealot  
  77  6:49  Zealot x6  
  77  6:50  Zealot  
  81  6:58  Warp Prism  
  81  7:00  Zealot  
  79  7:20  Probe x2 (Chrono Boost)  
  81  7:30  Probe (Chrono Boost)  
  81  7:32  Probe x2 (Chrono Boost)  
  82  7:41  Probe (Chrono Boost)  
  84  7:44  Probe (Chrono Boost)  
  84  7:47  Probe (Chrono Boost)  
  84  7:48  Assimilator  
  83  7:52  Assimilator, Probe (Chrono Boost)  
  83  7:55  Pylon  
  83  7:56  Probe (Chrono Boost)  
  86  7:59  Zealot x6, Probe (Chrono Boost)  
  86  8:00  Zealot x2  
  86  8:02  Probe (Chrono Boost)  
  99  8:07  Nexus  
  99  8:08  Probe (Chrono Boost)  
  99  8:11  Probe (Chrono Boost)  
  102  8:13  Probe (Chrono Boost)  
  104  8:28  Probe x2 (Chrono Boost)  
  104  8:45  Assimilator  
  104  8:46  Pylon  
  104  8:47  Assimilator  
  104  8:48  Pylon  
  104  8:50  Stargate  
  104  8:53  Stargate  
  104  8:57  Nexus  
  104  8:59  Pylon  
  104  9:09  Stargate  
  102  9:10  Probe (Chrono Boost)  
  102  9:11  Pylon  
  102  9:12  Probe x2 (Chrono Boost)  
  105  9:23  Probe (Chrono Boost)  
  103  9:24  Probe (Chrono Boost)  
  99  9:47  Void Ray  
  99  9:48  Void Ray x2  
  111  10:01  Stargate  
  111  10:05  Pylon  
  111  10:07  Pylon  
  111  10:11  Probe x2 (Chrono Boost)  
  111  10:13  Probe x3 (Chrono Boost)  
  110  10:21  Probe (Chrono Boost)  
  110  10:24  Assimilator  
  110  10:25  Void Ray x3, Probe (Chrono Boost)  
  110  10:28  Assimilator  
  110  10:30  Probe (Chrono Boost)  
  110  10:31  Probe (Chrono Boost)  
  118  11:02  Void Ray x3  
  126  11:29  Stalker x5  
  126  11:30  Stalker x3  
Tags
 
Add a new tag
Caveats
  • Supply blocks, unpowered buildings, or Contaminate may cause inaccurate times.
  • Supply counts are checked every 10 seconds.